Map: Tropical Sacrifice

Players

FoxeR - Winner!

  • Race: Terran Terran
  • Spawn Location: 7:00

Steadfast

  • Race: Zerg Zerg
  • Spawn Location: 1:00

Event: DreamHack SC2 Masters 2022 Atlanta (Offline)

VOD

Have the link to the VOD?

Description

Time

  • Played on: Nov. 18, 2022, 11:07 a.m.
  • Length: 9:18

All games in this series

Show
View Real Time Build Order
Export as new Build Order

FoxeR Terran - Winner!

Build Orders: Liberator Opening, Reaper Expand 

Get SALT Encoding   

  12  0:00  SCV  
  13  0:12  SCV  
  14  0:17  Supply Depot  
  14  0:24  SCV  
  15  0:38  SCV  
  15  0:40  Barracks  
  16  0:44  Refinery  
  16  0:51  SCV  
  17  1:03  SCV  
  18  1:15  SCV  
  19  1:27  Reaper  
  19  1:28  Orbital Command  
  20  1:42  Command Center  
  20  1:51  Supply Depot  
  20  1:53  SCV  
  21  1:59  Marine  
  22  2:07  SCV  
  23  2:10  Factory  
  23  2:17  Refinery  
  23  2:19  SCV  
  24  2:23  Barracks Reactor  
  24  2:31  SCV  
  25  2:44  SCV  
  26  2:54  Starport  
  26  2:56  SCV  
  27  2:59  Orbital Command  
  27  3:06  Hellion x2  
  27  3:09  SCV  
  32  3:13  Supply Depot, Marine  
  33  3:21  SCV  
  35  3:27  SCV, Hellion x2  
  35  3:33  SCV  
  40  3:39  SCV  
  41  3:42  Supply Depot  
  41  3:43  Liberator  
  41  3:46  SCV  
  45  3:52  SCV, Hellion  
  45  3:53  Hellion  
  50  3:56  Barracks Tech Lab  
  50  4:00  SCV  
  51  4:05  SCV  
  52  4:12  SCV  
  53  4:19  Command Center  
  53  4:20  SCV  
  54  4:24  SCV  
  54  4:27  Stimpack  
  54  4:30  Barracks  
  55  4:36  Factory Tech Lab, Marine  
  55  4:37  Starport Reactor  
  51  4:38  SCV  
  51  4:39  SCV  
  49  4:48  Supply Depot, Barracks  
  49  4:55  SCV, Marine  
  49  4:56  Siege Tank  
  49  4:57  SCV  
  49  4:59  Engineering Bay x2  
  51  5:03  Refinery  
  51  5:07  SCV  
  51  5:08  Refinery  
  51  5:09  SCV  
  53  5:19  SCV  
  53  5:21  SCV  
  55  5:23  Marine  
  55  5:25  Starport Reactor  
  55  5:26  Terran Infantry Armor Level 1, Terran Infantry Weapons Level 1  
  56  5:28  Siege Tank  
  56  5:31  SCV, Marine x2  
  56  5:32  Orbital Command  
  62  5:38  SCV  
  62  5:41  Supply Depot, Marine  
  64  5:43  SCV  
  64  5:49  Marine x2  
  67  5:50  SCV  
  67  5:57  SCV, Orbital Command  
  69  5:59  Barracks, Marine  
  69  6:01  Marine  
  69  6:02  Barracks  
  72  6:04  Marine  
  72  6:06  Marine  
  72  6:07  Medivac, Combat Shield, Marine  
  72  6:08  Medivac  
  72  6:11  SCV x2  
  80  6:16  Siege Tank  
  83  6:18  Supply Depot  
  83  6:23  SCV, Marine x3  
  83  6:25  Supply Depot, SCV  
  88  6:27  SCV  
  88  6:32  Marine x2  
  89  6:37  SCV  
  92  6:40  Bunker, Medivac x2, Marine  
  92  6:42  Marine x2  
  92  6:43  Supply Depot  
  99  6:50  Barracks Reactor x2, Marine x2  
  99  6:52  SCV x2  
  103  6:54  SCV  
  103  6:55  Armory  
  103  6:57  Supply Depot  
  103  7:00  Marine x2  
  106  7:02  Marine  
  106  7:05  SCV  
  106  7:06  SCV  
  106  7:07  Supply Depot  
  106  7:08  Marine x2  
  111  7:16  Siege Tank  
  111  7:18  Marine x2  
  111  7:20  Marine  
  111  7:22  SCV  
  118  7:26  SCV, Marine x2  
  118  7:28  Marine  
  118  7:29  Medivac  
  123  7:31  Medivac  
  123  7:33  SCV  
  123  7:36  Marine x5  
  131  7:37  Marine  
  131  7:40  Factory  
  131  7:44  Marine  
  133  8:03  Command Center  
  133  8:07  Supply Depot  
  133  8:12  Marine x2  
  133  8:14  SCV, Marine  
  133  8:15  SCV x2  
  133  8:17  Supply Depot x2  
  133  8:18  Supply Depot  
  133  8:28  Medivac, Marine x6  
  141  8:35  Supply Depot  
  141  8:36  Barracks, Siege Tank, Marine x3, SCV  
  141  8:38  Factory Reactor  
  141  8:39  Barracks  
  141  8:40  Barracks  
  148  8:46  Marine x6  
  154  8:54  Marine x3  
Show
View Real Time Build Order
Export as new Build Order

Steadfast Zerg 

Build Orders: Hatch First 

Get SALT Encoding   

  12  0:00  Drone  
  13  0:12  Overlord  
  13  0:17  Drone  
  14  0:31  Drone x2  
  16  0:49  Hatchery  
  15  0:53  Drone  
  16  0:57  Drone  
  16  0:59  Drone  
  18  1:14  Extractor  
  18  1:15  Spawning Pool  
  18  1:18  Drone  
  17  1:22  Drone  
  18  1:30  Drone  
  19  1:40  Drone  
  20  1:50  Drone  
  21  2:02  Queen x2  
  21  2:03  Zergling x4  
  27  2:11  Drone  
  27  2:12  Overlord  
  28  2:25  Hatchery  
  27  2:34  Spore Crawler  
  27  2:36  Drone x2  
  27  2:47  Metabolic Boost  
  27  2:50  Drone x2  
  27  2:51  Drone  
  31  3:00  Drone x2  
  31  3:01  Queen  
  31  3:04  Overlord  
  35  3:15  Drone  
  36  3:22  Overlord  
  36  3:23  Drone x4  
  40  3:42  Queen  
  40  3:46  Queen  
  44  3:50  Zergling x4  
  44  3:51  Drone x5, Overlord  
  51  4:00  Drone x3  
  51  4:02  Drone x2  
  56  4:11  Zergling x2  
  56  4:16  Zergling x8  
  53  4:37  Drone x6  
  54  4:51  Overlord  
  54  4:52  Drone x7  
  58  4:56  Drone x2  
  58  4:58  Queen  
  58  5:11  Drone x5  
  58  5:12  Drone  
  64  5:15  Evolution Chamber x2  
  62  5:27  Drone  
  63  5:29  Drone x4  
  63  5:33  Extractor  
  63  5:34  Extractor  
  65  5:36  Queen  
  67  5:43  Drone, Overlord  
  67  5:44  Drone x5  
  67  5:47  Overlord  
  67  5:48  Drone  
  73  5:51  Zerg Ground Armor Level 1, Zerg Melee Weapons Level 1  
  73  6:00  Overlord x3  
  73  6:02  Lair  
  73  6:11  Extractor x2  
  71  6:15  Baneling Nest, Drone x3  
  71  6:16  Drone x3  
  71  6:17  Drone  
  71  6:18  Drone  
  78  6:19  Drone  
  78  6:20  Drone  
  78  6:21  Hatchery  
  78  6:24  Zergling x6  
  82  6:39  Zergling x14  
  89  6:55  Drone x2  
  89  6:59  Centrifugal Hooks  
  91  7:01  Hatchery  
  90  7:10  Drone x11  
  90  7:15  Zergling x2  
  102  7:19  Baneling x15  
  101  7:23  Zergling x20  
  101  7:40  Zergling x10  
  104  7:45  Baneling  
  104  7:46  Baneling x10  
  104  7:50  Zergling x2  
  105  7:53  Overlord x5  
  105  7:58  Overlord x2  
  76  8:27  Zergling x4  
  76  8:28  Zergling x24  
  87  8:35  Zergling x4  
  87  8:40  Spawning Pool  
  88  8:51  Hydralisk Den  
  88  8:54  Overlord  
Tags
 
Add a new tag
Caveats
  • Supply blocks, unpowered buildings, or Contaminate may cause inaccurate times.
  • Supply counts are checked every 10 seconds.